[Event "Slovakian-ch Youth 2022"]
[Site "Lubovna"]
[Date "2022.05.23"]
[Round "3.12"]
[White "Gourlay, Martin B"]
[Black "Cerven, Samuel"]
[Result "1/2-1/2"]
[ECO "B23"]
[WhiteElo "1911"]
[BlackElo "1353"]
[Annotator "TA"]
[PlyCount "113"]
[EventDate "2022.05.22"]
[EventCountry "SVK"]
[SourceTitle "playchess.com"]
[Source "ChessBase"]
[SourceQuality "1"]
[TimeControl "40/5400+30:1800+30"]

1. e4 c5 2. Nc3 d6 3. g3 Nf6 4. d3 g6 5. Be3 Bg7 6. Bg2 {[%emt 0:00:56] B23: Closed Sicilian: Lines without g3.} O-O 7. Qd2 (7. Nge2 $11) 7... Ng4 $15 8. h3 (8. Bf4 $15) 8... Nxe3 $17 9. Qxe3 Nc6 {[%emt 0:00:43] [#]} 10. Nf3 $146 (10. Qd2 $15) ({Predecessor:} 10. Nge2 Rb8 11. O-O b5 12. Rab1 Bb7 13. a3 Ba8 14. Qd2 a5 15. f4 b4 16. axb4 axb4 {1-0 (38) Vander Zwalmen,M (1666)-Van Nooten,E (1394) Geraardsbergen 2003}) 10... Bd7 11. O-O-O (11. a3 $17) 11... a5 12. h4 h5 13. Bh3 (13. d4 cxd4 14. Nxd4) (13. a4 $17 {keeps fighting.}) 13... Rb8 (13... Bxh3 14. Rxh3 a4) (13... Bxh3 $19 {and Black stays clearly on top.} 14. Rxh3 a4) 14. Nb5 Bxh3 15. Rxh3 Qd7 16. Rh2 (16. Rhh1 $142) 16... Ne5 17. Nxe5 Qxb5 (17... Bxe5 18. a4) ({Of course not} 17... Bxe5 $6 18. a4 $11) 18. Nc4 a4 19. e5 (19. Qe1 $142) 19... d5 (19... Qc6 $17 {White must now prevent ...b5.} 20. f4 b5) 20. Na3 $1 $15 Qc6 21. f4 b5 22. Rg1 (22. c4) (22. c4 $1 $15) 22... b4 $19 23. Nb1 b3 (23... f6 $142 {And now ...fxe5 would win.} 24. g4 hxg4 25. Rxg4 fxe5) 24. a3 $17 bxc2 25. Rxc2 Rfc8 (25... f6 26. exf6 Qxf6) (25... f6 $1 $17 {...fxe5 is the strong threat.} 26. exf6 Qxf6) 26. g4 hxg4 27. Rxg4 (27. Qe2) 27... d4 28. Qg1 Rb6 $2 {[%emt 0:05:35][%mdl 8192] [#]} (28... c4 29. dxc4 d3) (28... c4 $1 $17 29. dxc4 d3) 29. h5 $2 {[%emt 0:00:22] [#]} (29. Nd2) (29. Nd2 $1 $16 {is necessary to keep the advantage.}) 29... Qe6 $2 (29... Qf3 $1 $17 {and life is bright.} 30. hxg6 Rxg6) 30. hxg6 fxg6 (30... f5 $16 {is a better defense.} 31. Rgg2 c4 32. Qxd4 Rd6) 31. f5 $4 (31. Nd2 $18 {is the narrow road to win.}) 31... Qxf5 32. Rf2 $2 (32. Nd2 Qxd3 33. Rxd4 cxd4 34. Rxc8+ Kf7 35. Qf2+ Ke6 36. Qf3 Qxf3 37. Nxf3) (32. Nd2 Bh6 33. Rh4 Bxd2+ 34. Rxd2) 32... Qxd3 $19 33. Rg3 Qa6 34. Rgf3 (34. Qg2 Qc4+ 35. Kd1) (34. Kd1 $142 c4 35. Qf1) 34... Rf8 $2 (34... Bh6+ 35. Kd1 Be3) 35. Qg2 (35. Rxf8+ $142 Bxf8 36. Nd2) 35... Rbb8 36. Rxf8+ Rxf8 37. Qd5+ Kh7 38. Rxf8 Bh6+ (38... Bxf8 39. Nd2 Qe2 40. Qf7+ Bg7 41. Qxe7 Qxe5 42. Qh4+ Bh6) 39. Nd2 Bxf8 {[%emt 0:01:39][%mdl 4096] Endgame KQB-KQN} 40. Qf7+ Bg7 41. Qxe7 Qb6 $2 (41... Qe2 42. Kc2 Qxe5) (41... Qe2 $17 42. Kc2 Qxe5 43. Qxe5 Bxe5) 42. e6 (42. Ne4 Qb3 43. Ng5+ Kh6 44. Nf7+ Kh7 45. Ng5+ Kh6 46. Nf7+ Kh7 47. Ng5+) 42... Qc6 (42... d3 43. Qh4+ (43. Nc4 Qc6) 43... Kg8) 43. Qd7 $132 {[%emt 0:02:37][%mdl 2048] White is not holding back} Qxd7 ({Better is} 43... Qh1+ $11 44. Kc2 c4 45. Nxc4 Qe4+ 46. Kd2 Qg2+ 47. Ke1 Qe4+ 48. Kd2 Qg2+ 49. Ke1 Qg3+ 50. Ke2 Qg4+ 51. Kd2 Qf4+ 52. Ke2 Qe4+ 53. Kd2) 44. exd7 $11 {[%emt 0:00:16] White wants to mate with Ne4. KB-KN} Bf6 45. Ne4 Be7 {[%emt 0:00:13] [#]} 46. Nxc5 $1 g5 $1 47. Kd1 Kg6 48. Ke2 {[%emt 0:03:19] aiming for Ne6.} Kf7 {[%emt 0:00:38] Inhibits Ne6.} 49. Nxa4 Ke6 $2 {[%emt 0:00:19][%mdl 8192] [#]} (49... g4 $11) 50. Nc5+ $1 $18 Kd6 (50... Kd5 51. b4) 51. Nd3 $2 (51. d8=Q+ $18 Bxd8 52. Nb7+ Kd5 53. Nxd8) 51... Kxd7 $11 {[%emt 0:00:22] The position is equal.} 52. b4 Kc6 53. a4 g4 54. b5+ Kb6 55. Nf4 {[%emt 0:00:47] Threatening mate with Nd5+.} Bc5 56. Nd3 Bd6 57. Kf2 {[%emt 0:01:05] A wild game.  Weighted Error Value: White=0.79/Black=0.53} 1/2-1/2

[Event "Slovakian-ch Youth 2022"]
[Site "Lubovna"]
[Date "2022.05.23"]
[Round "3.12"]
[White "Babjak, Samuel"]
[Black "Valko, Michal"]
[Result "1-0"]
[ECO "D02"]
[WhiteElo "1577"]
[BlackElo "1906"]
[Annotator "TA"]
[PlyCount "121"]
[EventDate "2022.05.22"]
[EventCountry "SVK"]
[SourceTitle "playchess.com"]
[Source "ChessBase"]
[SourceQuality "1"]
[TimeControl "40/5400+30:1800+30"]

1. Nf3 d5 2. d4 Nc6 3. Bf4 Bg4 4. e3 a6 5. c4 Nf6 6. Nc3 {[%emt 0:01:57] D02: 1 d4 d5 2 Nf3 sidelines, including 2...Nf6 3 g3 and 2...Nf6 3 Bf4.} e6 7. h3 Bf5 {[%emt 0:02:49] [#]} 8. a3 $146 {[%emt 0:03:15] White is slightly better.} ({Predecessor:} 8. c5 Ne4 9. Rc1 h6 10. Be2 g5 11. Bh2 Bg7 12. b4 O-O 13. Qb3 Nxc3 14. Qxc3 {0-1 (54) Ismael Namir,M (2169)-Bassel,C (2112) Abu Dhabi 2016}) 8... Be7 9. Bd3 Ne4 (9... dxc4 10. Bxc4 O-O) (9... Bxd3 $14 10. Qxd3 dxc4 11. Qxc4 Bd6) 10. cxd5 Nxc3 11. bxc3 Qxd5 12. Bxc7 Bxd3 (12... b5) (12... b5 $142) 13. Qxd3 $16 O-O (13... b5) 14. O-O Rfc8 (14... b5 15. a4 b4) (14... b5 $16 15. a4 b4) 15. Bg3 (15. c4 Qd7 16. Bb6) (15. c4 $18 Qd7 16. Bb6) 15... Na5 16. Nd2 $1 b5 (16... Nc4) 17. a4 Nc4 18. e4 Qb7 19. axb5 axb5 (19... Nxd2 $142 20. Qxd2 Qxb5) 20. Nxc4 Rxc4 21. Rxa8+ Qxa8 22. Rb1 Qc6 23. Rb3 ({White should play} 23. d5 $18 Qd7 24. Ra1) 23... h6 24. f3 (24. d5 exd5 25. exd5) (24. d5 $142 exd5 25. exd5) 24... Qa6 25. Qb1 Bg5 (25... b4 $142) 26. f4 ({Of course not} 26. Rxb5 $6 Rxc3 27. Rc5 Ra3 $11) (26. Kh2 $142) 26... Be7 27. Rxb5 {[%emt 0:03:28] Rb8+ is the strong threat.} Rxc3 28. Rb8+ Kh7 $1 29. e5+ g6 {[%emt 0:00:21] And now ...Qa3 would win.} 30. Kh2 {[%emt 0:01:13] Strongly threatening Qb7.} Qa3 $2 {[%emt 0:04:28][%mdl 8192] [#]} (30... Qe2 $14) 31. Bf2 $2 ({Only move:} 31. Qb5 $1 $18 {[%cal Ob5e8] Intending Qe8! and mate.} Rc7 (31... Bf8 32. Qe8) 32. Qe8) 31... Kg7 32. Qb2 (32. Rb7 $5 Rc1 33. Qb6 $16) 32... Rd3 $2 (32... Qxb2 $11 33. Rxb2 Ba3) 33. Qxa3 $2 (33. Qb5 $1 $18 {[%cal Rb5e8] Qe8 would kill now.} Bf8 34. Rb7) 33... Bxa3 $18 {[%emt 0:00:02][%mdl 4096] Endgame KRB-KRB} (33... Rxa3 $14 34. g3 Rd3) 34. Bh4 $1 $16 g5 35. fxg5 hxg5 36. Bxg5 Rxd4 (36... Kg6 $16 {is a better defense.}) 37. Bf6+ Kg6 38. Rg8+ Kf5 $2 (38... Kh7 $18) 39. Rg5+ {[%emt 0:02:01] White mates.} Ke4 40. Rg4+ Kd5 {[%emt 0:00:01] [#]} 41. Rxd4+ $1 (41. Rg7 Ke4 42. Rxf7 Bc1) ({Not} 41. Rg7 Rf4 42. Rxf7 Ke4 $18) 41... Kxd4 {[%emt 0:00:02] KB-KB} 42. h4 Bc1 43. g3 Ke4 44. h5 Kf5 45. Kh3 Bh6 46. Kh4 Bf8 47. g4+ Kf4 48. g5 Kf5 {[%emt 0:00:11] [#]} 49. h6 $1 Kg6 50. Kg4 Bc5 51. Kf3 Bb4 52. Ke4 Bc5 53. Kd3 Ba3 54. Kc4 Bf8 55. Kb5 Ba3 56. Kc6 Bb4 57. Kd7 Bc5 58. Ke8 Bb4 59. h7 Kxh7 60. Kxf7 Bc3 61. g6+ {[%emt 0:00:58] Weighted Error Value: White=0.37/Black=0.40} 1-0

[Event "Slovakian-ch Youth 2022"]
[Site "Lubovna"]
[Date "2022.05.23"]
[Round "3.13"]
[White "Kostelansky, Karol"]
[Black "Kostura, Daniel"]
[Result "1-0"]
[ECO "A03"]
[WhiteElo "1821"]
[BlackElo "1510"]
[Annotator "NA RC COMBH"]
[PlyCount "113"]
[EventDate "2022.05.22"]
[EventCountry "SVK"]
[SourceTitle "playchess.com"]
[Source "ChessBase"]
[SourceQuality "1"]
[TimeControl "40/5400+30:1800+30"]

1. f4 Nf6 2. Nf3 g6 3. g3 Bg7 4. Bg2 O-O 5. O-O d5 6. d3 c5 7. e3 Qb6 8. Re1 Bg4 9. Nbd2 Nc6 10. h3 Bxf3 11. Nxf3 Rac8 (11... Rae8 $15 {should be considered.}) 12. Rb1 Nd7 13. Bd2 Rfe8 14. e4 e6 (14... c4+ $11 15. Kh2 dxe4 16. dxe4 (16. Be3 Qa6 $11) 16... e5) 15. Kh2 Qc7 16. Bc3 Nf6 17. exd5 exd5 18. Ne5 Nxe5 19. Bxe5 Qa5 20. Bxf6 Bxf6 21. Bxd5 Rxe1 22. Qxe1 Qxe1 23. Rxe1 Rc7 24. c3 b6 25. Kg2 Re7 26. Rxe7 Bxe7 27. Kf3 Kf8 28. Ke4 f6 29. Bc4 Bd8 30. Ba6 Ke7 31. Kd5 Kd7 32. Bb5+ Ke7 33. Kc6 a5 34. d4 cxd4 $18 35. cxd4 h5 36. h4 g5 37. hxg5 fxg5 38. fxg5 Ke6 39. Be2 Bxg5 40. Kxb6 h4 41. gxh4 Bxh4 42. Bc4+ Kd6 43. Kxa5 Bf6 44. d5 $2 (44. Ka6 $18 Bh8 45. b4) 44... Bxb2 45. Kb6 Bd4+ 46. Kb7 Bc5 47. a4 Bb4 48. Kb6 Bc5+ 49. Kb7 Bb4 50. Bb3 Ba5 51. Ka6 Bc3 52. a5 Kc5 53. Bc4 Kxc4 54. d6 Bf6 55. Kb7 Kb5 56. a6 Bd8 57. a7 1-0

[Event "Slovakian-ch Youth 2022"]
[Site "Lubovna"]
[Date "2022.05.23"]
[Round "3.13"]
[White "Kudela, Oliver"]
[Black "Horvath, Simon"]
[Result "1-0"]
[ECO "C50"]
[WhiteElo "1344"]
[BlackElo "1343"]
[Annotator "NA RC COMBH"]
[PlyCount "109"]
[EventDate "2022.05.22"]
[EventCountry "SVK"]
[SourceTitle "playchess.com"]
[Source "ChessBase"]
[SourceQuality "1"]
[TimeControl "40/5400+30:1800+30"]

1. e4 e5 2. Nf3 Nc6 3. Bc4 Nf6 4. d3 Bc5 5. c3 d5 6. exd5 Nxd5 7. Qb3 Be6 8. Qxb7 Na5 9. Qb5+ c6 10. Qxc5 Kd7 11. Nxe5+ Ke8 12. Bxd5 Bxd5 13. f3 f6 14. Nc4 Nxc4 15. dxc4 Be6 16. Qxc6+ Bd7 17. Qe4+ Kf7 18. O-O Qb6+ 19. Kh1 Rae8 20. Qd4 Qe6 21. Qd5 Re7 22. Qxe6+ Rxe6 23. Kg1 Rc8 24. Kf2 Rxc4 25. Nd2 Rc7 26. Ne4 Bb5 27. Re1 Rce7 28. Bf4 Bc6 29. Nd6+ Kg6 30. Rxe6 Rxe6 31. Re1 Rxe1 32. Kxe1 Bd5 33. c4 Be6 34. Kd2 h5 35. Bg3 Kh7 36. Ke3 g5 37. h4 g4 38. fxg4 Bxg4 39. Bf4 Kg7 40. c5 Bd7 41. Kd4 Bc6 42. g3 Kf8 43. b4 a6 44. Kc4 Ke7 45. b5 axb5+ 46. Nxb5 Bxb5+ 47. Kxb5 Kd7 48. c6+ Kd8 49. Kb6 Kc8 50. a4 f5 51. a5 Kd8 52. a6 Kc8 53. a7 Kd8 54. a8=Q+ Ke7 55. c7 1-0

[Event "Slovakian-ch Youth 2022"]
[Site "Lubovna"]
[Date "2022.05.23"]
[Round "3.14"]
[White "Chovanec, Adrian"]
[Black "Sokolovsky, Jakub"]
[Result "0-1"]
[ECO "B20"]
[WhiteElo "1498"]
[BlackElo "1613"]
[Annotator "NA COMBH"]
[PlyCount "50"]
[EventDate "2022.05.22"]
[EventCountry "SVK"]
[SourceTitle "playchess.com"]
[Source "ChessBase"]
[SourceQuality "1"]
[TimeControl "40/5400+30:1800+30"]

1. e4 c5 2. Bc4 d6 3. h3 Nf6 4. Nc3 a6 5. a3 b5 6. Ba2 Bb7 7. Bd5 Nxd5 8. Nxd5 e6 9. Nc3 b4 10. axb4 cxb4 11. Na4 Bxe4 12. Nf3 Be7 13. d3 Bb7 14. b3 Bf6 15. Bb2 O-O 16. O-O Nd7 17. Re1 Bxb2 18. Nxb2 Qf6 19. Nc4 Bxf3 20. Qxf3 Qxf3 21. gxf3 d5 22. Na5 Rfc8 23. Re2 Rc7 24. d4 Rac8 25. Ra2 Nf6 0-1

[Event "Slovakian-ch Youth 2022"]
[Site "Lubovna"]
[Date "2022.05.23"]
[Round "3.14"]
[White "Kakus, Oliver"]
[Black "Vida, Gergo"]
[Result "0-1"]
[ECO "B20"]
[WhiteElo "1000"]
[BlackElo "1821"]
[Annotator "NA RC COMBH"]
[PlyCount "64"]
[EventDate "2022.05.22"]
[EventCountry "SVK"]
[SourceTitle "playchess.com"]
[Source "ChessBase"]
[SourceQuality "1"]
[TimeControl "40/5400+30:1800+30"]

1. e4 c5 2. d3 g6 3. Nf3 Bg7 4. Be3 d6 5. e5 Nc6 6. Nc3 Nxe5 7. Ng5 a6 8. Bf4 e6 9. d4 cxd4 10. Qxd4 Ne7 11. Rd1 Nf5 12. Qa4+ Bd7 13. Nb5 $2 (13. Qb3) 13... axb5 14. Qd4 Nxd4 15. Rxd4 Bc6 16. a3 Nc4 17. Bxc4 $19 Bxd4 18. O-O bxc4 19. Nf3 Bxf3 20. gxf3 e5 21. Bg3 h5 22. f4 h4 23. Rd1 hxg3 24. Kf1 gxf2 25. fxe5 dxe5 26. c3 Rxh2 27. cxd4 Qh4 28. dxe5 Rh1+ 29. Ke2 Rxd1 30. Kxd1 f1=Q+ 31. Kc2 Qhe1 32. b4 Qfe2# 0-1

[Event "Slovakian-ch Youth 2022"]
[Site "Lubovna"]
[Date "2022.05.23"]
[Round "3.15"]
[White "Sandor, Samuel"]
[Black "Compel, Daniel"]
[Result "1/2-1/2"]
[ECO "B90"]
[WhiteElo "2054"]
[BlackElo "2106"]
[Annotator "TA"]
[PlyCount "91"]
[EventDate "2022.05.22"]
[EventCountry "SVK"]
[SourceTitle "playchess.com"]
[Source "ChessBase"]
[SourceQuality "1"]
[TimeControl "40/5400+30:1800+30"]

1. e4 c5 2. Nf3 d6 3. d4 cxd4 4. Nxd4 Nf6 5. Nc3 a6 6. h3 e5 7. Nde2 h5 {[%emt 0:00:03] B90: Sicilian Najdorf: Unusual White 6th moves, 6 Be3 Ng4 and 6 Be3 e5.} 8. g3 Be6 9. Bg2 b5 $1 {[%emt 0:00:03] The position is equal. The main line 9...b5 scores better than 9...Nbd7.} 10. O-O Nbd7 11. Be3 Be7 12. f4 Rc8 13. a3 O-O 14. Nd5 {[%emt 0:02:59] [#]} Nxd5 $146 (14... Bxd5 $5 15. exd5 Nb6 $11) ({Predecessor:} 14... Bxd5 15. exd5 Re8 16. fxe5 dxe5 17. Nc3 Bc5 18. Bxc5 Nxc5 19. Qe2 e4 20. Rad1 Qd6 {0-1 (42) Dourerassou,J (2477)-Sjugirov,S (2663) Chess.com INT 2021}) 15. exd5 Bf5 16. Nc3 ({Of course not} 16. fxe5 Bxc2 17. Qd2 Nxe5 $17) (16. c3 $11) 16... Bh7 ({Black should try} 16... exf4 $1 $17 17. Bxf4 (17. Rxf4 Bg5 $17) 17... Bg6) 17. f5 $1 $14 ({Reject} 17. Qxh5 Bxc2 18. f5 Rc4 $11) 17... Bg5 18. Qd2 (18. Bxg5 $1 $14 Qxg5 19. Ne4 Qe3+ 20. Kh2) 18... Bxe3+ $15 19. Qxe3 Qb6 $36 {[%emt 0:05:27][%mdl 2048] Black has some pressure.} 20. Rae1 Qxe3+ 21. Rxe3 Nb6 22. g4 (22. b3 $15) 22... f6 (22... Nc4 $17 23. Re2 Nxb2) 23. b3 Rc7 24. Rd1 Kf7 25. Be4 (25. Rd2 $15) 25... Rfc8 $17 26. Rdd3 h4 27. Rf3 (27. a4 $17) 27... Nd7 $19 28. Rde3 Ke7 29. Na2 (29. a4 $17 b4 30. Na2) 29... Nc5 $1 30. Nb4 Nxe4 31. Rxe4 Bg8 $1 {[%emt 0:00:04] Hoping for ...a5.} 32. Rd3 a5 (32... Kd7 $1 $19 {aiming for ...Rc5.} 33. Re2 Rc3) 33. Nc6+ $15 Kd7 (33... Kf8 $15) 34. c4 $11 bxc4 35. Rxc4 (35. bxc4 $11 Rxc6 36. dxc6+ Rxc6 37. Rb3) 35... Bxd5 36. Nxe5+ $1 fxe5 37. Rxc7+ Rxc7 38. Rxd5 {[%emt 0:00:04][%mdl 4096] Endgame KR-KR} Rc3 39. Rxa5 Rxh3 40. Ra7+ Ke8 41. Rxg7 Rxb3 42. a4 Ra3 43. Kg2 Rxa4 44. Kh3 e4 (44... d5 $11 {keeps the balance.}) 45. Kxh4 $2 {[%emt 0:02:10][%mdl 8192] [#]} (45. f6 $16 Kf8 46. Kxh4) 45... e3 $1 {[%emt 0:01:05] ( -> ...e2)} 46. Rb7 {[%emt 0:00:00][%mdl 32768] Weighted Error Value: White=0.44/Black=0.24 (precise) . An unexpected result.} 1/2-1/2

[Event "Slovakian-ch Youth 2022"]
[Site "Lubovna"]
[Date "2022.05.23"]
[Round "3.15"]
[White "Valchev, Martin V"]
[Black "Otahal, Kristian"]
[Result "0-1"]
[ECO "C47"]
[WhiteElo "1193"]
[BlackElo "1000"]
[Annotator "NA RC COMBH"]
[PlyCount "26"]
[EventDate "2022.05.22"]
[EventCountry "SVK"]
[SourceTitle "playchess.com"]
[Source "ChessBase"]
[SourceQuality "1"]
[TimeControl "40/5400+30:1800+30"]

1. e4 e5 2. Nc3 Nc6 3. Nf3 Nf6 4. d3 Bc5 5. Bg5 O-O 6. Nd5 d6 7. Bxf6 gxf6 8. Nh4 Kh8 9. Nf5 Bxf5 10. exf5 Rg8 11. Ne3 Qd7 12. Ng4 Qxf5 13. Nh6 Qxf2# 0-1

[Event "Slovakian-ch Youth 2022"]
[Site "Lubovna"]
[Date "2022.05.23"]
[Round "3.16"]
[White "Lovcican, Tomas"]
[Black "Skreko, Igor"]
[Result "1/2-1/2"]
[ECO "B90"]
[WhiteElo "2024"]
[BlackElo "2065"]
[Annotator "TA"]
[PlyCount "85"]
[EventDate "2022.05.22"]
[EventCountry "SVK"]
[SourceTitle "playchess.com"]
[Source "ChessBase"]
[SourceQuality "1"]
[TimeControl "40/5400+30:1800+30"]

1. e4 c5 2. Nf3 d6 3. d4 cxd4 4. Nxd4 Nf6 5. Nc3 a6 6. h3 e5 {[%emt 0:02:29] 6...e5 scores better than 6...e6.} 7. Nde2 Be7 8. g4 {[%emt 0:02:22] B90: Sicilian Najdorf: Unusual White 6th moves, 6 Be3 Ng4 and 6 Be3 e5.} Be6 9. Bg2 h6 10. Be3 {[%emt 0:04:38] White is slightly better.} Nbd7 11. Ng3 Nb6 12. O-O Nc4 13. Bc1 {[%emt 0:02:13] [#]} Rc8 $146 ({Predecessor:} 13... g6 14. b3 Nb6 15. Be3 Rc8 16. Qd2 Qc7 17. Nce2 Nbd7 18. c4 h5 19. g5 Nh7 {½-½ (48) Czyz,A (2064)-Olejarczyk,B (2159) Warsaw 2009}) 14. Nf5 (14. Nd5 $16) 14... Bxf5 15. exf5 Qc7 16. Nd5 Nxd5 17. Qxd5 Na5 18. Be3 ({Better is} 18. c3 $16) 18... O-O 19. c3 b5 (19... Rfd8 $14) 20. Rad1 (20. b3 $16) 20... Nc4 $11 21. Bc1 Rb8 22. Kh1 Rfc8 23. Rfe1 b4 (23... Nb6 $11 {remains equal.} 24. Qd3 Na4) 24. cxb4 $16 Rxb4 (24... Nb6 $16 25. Qd3 Bh4) 25. b3 $18 Nb6 {[%emt 0:02:19] [#]} 26. Qa5 d5 27. Qxa6 (27. Ba3 $18 Rb5 28. Qxa6 Bxa3 29. Qxb5) 27... Ra8 28. Qe2 e4 29. Be3 Qb7 30. f3 {[%emt 0:02:27] [#] fxe4 is the strong threat.} Bh4 31. Bf2 ({White should try} 31. Rf1 $16) 31... Bxf2 $14 32. Qxf2 {[%emt 0:00:03] Black must now prevent fxe4.} Nd7 33. fxe4 dxe4 34. Re2 {[%emt 0:03:33] aiming for Red2. White is more active.} Nf6 35. Qc5 Rb5 36. Qc4 Rb4 37. Qc5 Rb5 38. Qc2 Rc8 {[%emt 0:01:39][%mdl 1024] Black has compensation.} 39. Qb1 Rb4 40. Rde1 (40. Rc2 $11) 40... Rd4 $17 41. Rd1 ({Wrong is} 41. Bxe4 $2 Nxe4 42. Rxe4 Re8 $19) 41... Rcd8 42. Ree1 Qb4 (42... Qb6 $17 {Hoping for ...Rd2.} 43. Rxd4 Rxd4) 43. Rxd4 {[%emt 0:00:00] White really could win this.  Weighted Error Value: White=0.20 (precise) /Black=0.20 (precise)} 1/2-1/2

[Event "Slovakian-ch Youth 2022"]
[Site "Lubovna"]
[Date "2022.05.23"]
[Round "3.16"]
[White "Toth, Marton"]
[Black "Rybovic, Alex"]
[Result "1-0"]
[ECO "C54"]
[WhiteElo "1849"]
[BlackElo "1000"]
[Annotator "NA RC COMBH"]
[PlyCount "105"]
[EventDate "2022.05.22"]
[EventCountry "SVK"]
[SourceTitle "playchess.com"]
[Source "ChessBase"]
[SourceQuality "1"]
[TimeControl "40/5400+30:1800+30"]

1. e4 e5 2. Nf3 Nc6 3. Bc4 Bc5 4. c3 Nf6 5. d3 O-O 6. O-O d6 7. b4 Bb6 8. a4 {[%emt 0:01:02] The old main line.} a5 9. b5 Ne7 10. Qb3 {[%emt 0:02:54] [#]} Be6 $146 ({Predecessor:} 10... Ng6 11. Be3 Bxe3 12. fxe3 c6 13. bxc6 bxc6 14. Nbd2 d5 15. exd5 cxd5 16. Bb5 Be6 {½-½ (44) Gonzalez,B (2377)-Silva,M (2317) ICCF email 2016}) 11. Bxe6 fxe6 12. Ng5 Qd7 13. Nxe6 Rf7 14. Bg5 $2 ({Only move:} 14. Ng5 $18 Ng6 15. Be3) 14... d5 15. Bxf6 Qxe6 (15... Rxf6 $15 16. exd5 Nxd5) 16. Bxe7 Qxe7 17. Nd2 Qf8 (17... d4 $16) 18. Qxd5 Rd8 19. Qc4 ({Don't do} 19. Qxe5 $6 Rxd3 20. Nc4 (20. Nf3 Re7 $16) 20... Re7 $16) ({Don't play} 19. Qxb7 $6 Rxf2 20. d4 Rxf1+ 21. Rxf1 Qd6 $14) ({Better is} 19. Qe6 $18) 19... Rd6 (19... Kh8 $16 20. Kh1 h6) 20. Ra2 Kh8 21. Nb3 Rxf2 $2 22. Raxf2 Bxf2+ 23. Rxf2 Rf6 24. Rxf6 Qxf6 25. Qxc7 h5 26. d4 exd4 27. Nxd4 h4 28. Qc8+ Kh7 29. Qf5+ Qxf5 30. exf5 Kh6 31. Ne6 g6 32. fxg6 Kxg6 33. Kf2 Kf5 34. Nd4+ Kg4 35. g3 Kh3 36. gxh4 Kxh4 37. Ne6 Kh3 38. Kf3 Kxh2 39. b6 Kh3 40. Nc5 Kh4 41. Kf4 Kh5 42. Nxb7 Kg6 43. Nd6 Kf6 44. b7 Ke7 45. b8=Q Kd7 46. Qb5+ Kxd6 47. Ke4 Ke6 48. Qa6+ Kd7 49. Ke5 Kc7 50. Kd5 Kd7 51. Qa7+ Ke8 52. Ke6 Kf8 53. Qf7# 1-0

[Event "Slovakian-ch Youth 2022"]
[Site "Lubovna"]
[Date "2022.05.23"]
[Round "3.17"]
[White "Salgovic, Simon"]
[Black "Rakovsky, Jakub"]
[Result "0-1"]
[ECO "A01"]
[WhiteElo "2091"]
[BlackElo "1888"]
[Annotator "TA"]
[PlyCount "78"]
[EventDate "2022.05.22"]
[EventCountry "SVK"]
[SourceTitle "playchess.com"]
[Source "ChessBase"]
[SourceQuality "1"]
[TimeControl "40/5400+30:1800+30"]

1. b3 e5 2. Bb2 Nc6 3. e3 d6 4. Ne2 Nf6 5. d4 {[%emt 0:00:33] [#]} Qe7 $146 ({Predecessor:} 5... exd4 6. Nxd4 Nxd4 7. Qxd4 d5 8. Nc3 Be7 9. O-O-O Be6 10. e4 c5 11. Qa4+ Bd7 12. Bb5 d4 13. Bxd7+ Nxd7 14. Nd5 {½-½ (28) Cabarkapa,N (2451)-Draskovic,L (2444) Niksic 2018}) 6. g3 {[%emt 0:04:13] A01: Nimzowitsch-Larsen Opening.} Bg4 7. Bg2 exd4 8. exd4 {[%emt 0:04:16] The position is equal.} Bxe2 9. Qxe2 Qxe2+ 10. Kxe2 O-O-O 11. a3 Re8+ 12. Kd3 Ng4 {[%emt 0:08:03] Pair of Knights!} 13. Bh3 f5 14. Rf1 g6 (14... Nxh2 15. Bxf5+ Kd8 16. Rh1) ({Don't take} 14... Nxh2 15. Bxf5+ Kd8 16. Rh1 $16) 15. f3 {[%emt 0:01:57] Black continues to play with concentration.} (15. Nd2 $11 {keeps the balance.}) 15... Re3+ $17 (15... Nxh2 16. Rf2) ({But not} 15... Nxh2 16. Rf2 $16) 16. Kd2 {[%emt 0:05:39] [#]} Bh6 $1 $36 {[%emt 0:00:15][%mdl 2048] Black has strong initiative.} 17. f4 {[%emt 0:06:09] Black must now prevent Bxg4.} Rhe8 {[%emt 0:01:16] 0x0.0024a8aedfbedp-1022s more active pieces. The white rooks are badly placed.} 18. Bxg4 fxg4 19. Rf2 {[%emt 0:02:28] Inhibits Re2+.} (19. d5 Re2+ 20. Kd1) (19. d5 $17 {is the only way for White.} Re2+ 20. Kd1) 19... Bg7 $19 20. c3 Na5 21. Kc2 {[%emt 0:01:48] [#]} Re2+ 22. Rxe2 Rxe2+ 23. Nd2 Rxh2 24. Re1 Kd7 {[%emt 0:00:57][%cal Oa5b3] Against Re7+} 25. Bc1 Nc6 26. Kd3 Ne7 27. Rg1 Nf5 28. Nf1 Rf2 {[%emt 0:01:56] ...Rf3+ is the strong threat.} 29. Be3 (29. Nd2 {was worth a try.}) 29... Rf3 {[%emt 0:04:09] Black is clearly winning.} 30. Ke2 {[%emt 0:06:55] [#]} Rxf1 $1 31. Kxf1 Nxe3+ 32. Kf2 (32. Ke2 $142 Nf5 33. Kd3) 32... Nd5 33. Rh1 h5 34. f5 gxf5 35. Rxh5 Ke6 36. Rh7 Kf7 37. c4 Nf6 38. Rh4 Ne4+ 39. Ke3 Kg6 {[%emt 0:02:09] Weighted Error Value: White=0.48/Black=0.02 (flawless)} 0-1